% Time on Ice - UTAH ICE BEARS
Lines # - Real PCT - Wanted PCT - Time Play
Normal Forward
1 - 30% - 36% - 13:05
2 - 30% - 31% - 13:08
3 - 37% - 23% - 16:22
4 - 4% - 10% - 1:33
Normal Defense
1 - 36% - 36% - 15:47
2 - 26% - 31% - 11:37
3 - 11% - 23% - 5:03
4 - 26% - 10% - 11:41
PP Forward
1 - 49% - 55% - 3:55
2 - 51% - 45% - 4:01
PP Defense
1 - 58% - 55% - 4:34
2 - 42% - 45% - 3:22
PK Forward
1 - 60% - 55% - 4:44
2 - 40% - 45% - 3:12
PK Defense
1 - 67% - 55% - 5:21
2 - 33% - 45% - 2:35
PK3 Forward
1 - 0% - 55%
2 - 0% - 45%
PK3 Defense
1 - 0% - 55%
2 - 0% - 45%
44 Forward
1 - 0% - 55%
2 - 0% - 45%
44 Defense
1 - 0% - 55%
2 - 0% - 45%
Last Minute Offensive  - 0:00
Last Minute Defensive  - 0:00
Total
Forward - 60:00
Defense - 60:00
% Time on Ice - SASKATOON DUCKS
Lines # - Real PCT - Wanted PCT - Time Play
Normal Forward
1 - 34% - 34% - 15:04
2 - 27% - 32% - 11:47
3 - 29% - 26% - 12:39
4 - 10% - 8% - 4:38
Normal Defense
1 - 36% - 42% - 15:53
2 - 36% - 35% - 15:50
3 - 28% - 23% - 12:25
4 - 0% - 0% - 0:00
PP Forward
1 - 48% - 50% - 3:47
2 - 52% - 50% - 4:09
PP Defense
1 - 49% - 50% - 3:54
2 - 51% - 50% - 4:02
PK Forward
1 - 59% - 55% - 4:43
2 - 41% - 45% - 3:13
PK Defense
1 - 50% - 55% - 3:59
2 - 50% - 45% - 3:57
PK3 Forward
1 - 0% - 55%
2 - 0% - 45%
PK3 Defense
1 - 0% - 55%
2 - 0% - 45%
44 Forward
1 - 0% - 55%
2 - 0% - 45%
44 Defense
1 - 0% - 55%
2 - 0% - 45%
Last Minute Offensive  - 0:00
Last Minute Defensive  - 0:00
Total
Forward - 60:00
Defense - 60:00
Play-by-Play 1st period 0:01 of 1st period - Artem Anisimov wins face-off versus Ryan Strome in neutral zone. 0:04 of 1st period - Ryan Strome is hit by Zachary Sanford. 1:04 of 1st period - Shot by Andrew Mangiapane. 1:04 of 1st period - Stopped by Ryan Miller without a rebound. 1:05 of 1st period - Dylan Strome wins face-off versus Blake Lizotte in SASKATOON DUCKS zone. 1:05 of 1st period - Dylan Strome is hit by Blake Lizotte. 1:37 of 1st period - Shot by Artemi Panarin. 1:37 of 1st period - Shot Misses the Net. 1:39 of 1st period - Shot by Artemi Panarin. 1:39 of 1st period - Stopped by Devan Dubnyk without a rebound. 1:40 of 1st period - Alex Galchenyuk wins face-off versus Jakub Vrana in UTAH ICE BEARS zone. 1:47 of 1st period - Shot by Andrew Mangiapane. 1:47 of 1st period - Shot Misses the Net. 3:06 of 1st period - Shot by Blake Comeau. 3:06 of 1st period - Stopped by Devan Dubnyk with a rebound. 3:31 of 1st period - Icing by Alexander Edler. 3:32 of 1st period - Alex Galchenyuk wins face-off versus Ryan Strome in UTAH ICE BEARS zone. 3:41 of 1st period - Alexander Edler is hit by Ryan Strome and loses puck. 4:03 of 1st period - Icing by Ryan McDonagh. 4:04 of 1st period - Artem Anisimov wins face-off versus Ryan Strome in SASKATOON DUCKS zone. 4:05 of 1st period - Shot by Zachary Sanford. 4:05 of 1st period - Shot Misses the Net. 4:07 of 1st period - Shot by Nicholas Paul. 4:07 of 1st period - Shot Blocked by Ryan McDonagh. 4:29 of 1st period - Icing by Ryan Strome. 4:30 of 1st period - Blake Lizotte wins face-off versus Kailer Yamamoto in SASKATOON DUCKS zone. 4:54 of 1st period - Icing by T.J. Brodie. 4:55 of 1st period - Blake Lizotte wins face-off versus Artemi Panarin in UTAH ICE BEARS zone. 5:04 of 1st period - Shot by Artemi Panarin. 5:04 of 1st period - Shot Misses the Net. 5:35 of 1st period - Shot by William Nylander. 5:35 of 1st period - Goal by William Nylander - UTAH ICE BEARS : 0 - SASKATOON DUCKS : 1. 5:36 of 1st period - Joe Thornton wins face-off versus Artem Anisimov in neutral zone. 6:29 of 1st period - Icing by Radko Gudas. 6:30 of 1st period - Joe Thornton wins face-off versus Zachary Sanford in SASKATOON DUCKS zone. 6:37 of 1st period - Shot by Artem Anisimov. 6:37 of 1st period - Shot Hit the Post. 6:48 of 1st period - Minor Penalty to William Nylander for Diving. 6:49 of 1st period - Alex Galchenyuk wins face-off versus Dylan Strome in SASKATOON DUCKS zone. 7:03 of 1st period - Icing by T.J. Brodie. 7:04 of 1st period - Dylan Strome wins face-off versus Alex Galchenyuk in UTAH ICE BEARS zone. 7:20 of 1st period - Shot by MacKenzie Weegar. 7:20 of 1st period - Shot Misses the Net. 7:22 of 1st period - Shot by T.J. Brodie. 7:22 of 1st period - Stopped by Ryan Miller without a rebound. 7:23 of 1st period - Tyler Bozak wins face-off versus Blake Lizotte in SASKATOON DUCKS zone. 8:26 of 1st period - Shot by T.J. Brodie. 8:26 of 1st period - Shot Misses the Net. 9:01 of 1st period - Shot by Blake Lizotte. 9:01 of 1st period - Stopped by Ryan Miller without a rebound. 9:02 of 1st period - Warren Foegele wins face-off versus Blake Lizotte in SASKATOON DUCKS zone. 9:07 of 1st period - Shot by Warren Foegele. 9:07 of 1st period - Stopped by Devan Dubnyk without a rebound. 9:08 of 1st period - Dylan Strome wins face-off versus Artem Anisimov in UTAH ICE BEARS zone. 9:08 of 1st period - Dylan Strome is hit by Radim Simek. 9:16 of 1st period - Shot by William Nylander. 9:16 of 1st period - Shot Misses the Net